 Dungeon Crawl Stone Soup version 0.19.1-1-g22dce08 (webtiles) character file.

4202 esteth the Grappler (level 10, -4/94 HPs)
             Began as a Troll Monk on Jan 10, 2017.
             Slain by an eight-headed hydra (20 damage)
             ... on level 3 of the Lair of Beasts.
             The game lasted 00:23:03 (6227 turns).

esteth the Grappler (Troll Monk)                    Turns: 6227, Time: 00:23:03

Health: -4/94      AC:  8    Str: 21    XL:     10   Next: 8%
Magic:  9/9        EV: 11    Int:  9    God:
Gold:   408        SH:  0    Dex: 15    Spells: 0 memorised, 9 levels left

rFire  + . .     SeeInvis .       - Unarmed
rCold  . . .     Gourm    +     w - +1 robe {rF+}
rNeg   . . .     Faith    .     (no shield)
rPois  .         Spirit   .     H - +2 hat {MR+}
rElec  .         Reflect  .     (no cloak)
rCorr  .         Harm     +     (gloves unavailable)
MR     +....                    (boots unavailable)
Stlth  ++........               s - amulet of harm
                                (no ring)
                                j - +3 ring of intelligence

@: hasted, very quick
A: unfitting armour, claws 3, fast metabolism 3, gourmand, regeneration 1,
shaggy fur 1, tough skin 2
a: no special abilities


You were on level 3 of the Lair of Beasts.
You were completely stuffed.

You visited 3 branches of the dungeon, and saw 12 of its levels.

You collected 408 gold pieces.

Inventory:

Missiles
 l - 5 javelins (quivered)
Armour
 w - a +1 robe of fire resistance (worn)
 A - a +2 shield
 H - a +2 hat of magic resistance (worn)
Jewellery
 j - a +3 ring of intelligence (left claw)
 s - an amulet of harm (around neck)
Wands
 k - a wand of disintegration (20/24)
 n - a wand of flame (17/48)
 C - a wand of iceblast (4/15)
 F - a wand of flame (36/48)
 J - a wand of flame (33/48)
 K - a wand of random effects (22/48)
Scrolls
 a - 3 scrolls of enchant armour
 e - 5 scrolls of identify
 g - 2 scrolls of immolation
 i - 3 scrolls of remove curse
 t - a scroll of teleportation
 y - 2 scrolls of recharging
Potions
 c - a potion of haste
 h - 5 potions of curing
 m - 2 potions of berserk rage {unknown}
 o - a potion of invisibility {unknown}
 p - a potion of might {unknown}
 r - 2 potions of agility {unknown}
 v - 2 potions of ambrosia {unknown}
 x - a potion of flight {unknown}
 z - a potion of mutation {unknown}
 B - a potion of degeneration {unknown}
 G - a potion of lignification {unknown}
 I - a potion of brilliance {unknown}
 M - a potion of heal wounds {unknown}
Comestibles
 b - 9 bread rations {@e1}
 d - 5 meat rations {@e2}
 f - a chunk of flesh {@w0}
 E - a slice of pizza


   Skills:
 + Level 4.5 Fighting
 - Level 4.1 Throwing
 - Level 2.4 Dodging
 - Level 1.0 Stealth
 - Level 13.0 Unarmed Combat


You had 9 spell levels left.
You didn't know any spells.

Dungeon Overview and Level Annotations

Branches:
Dungeon (8/15)             Temple (1/1) D:4            Lair (3/6) D:8
  Swamp: Lair:2-4    Shoals: Lair:2-4     Snake: Lair:2-4    Spider: Lair:2-4

Altars:
Ashenzari
Cheibriados
Dithmenos
Elyvilon
Fedhas
Gozag
Hepliaklqana
Kikubaaqudgha
Nemelex Xobeh
Okawaru
Qazlal
Ru
Sif Muna
Trog
Uskayaw
Xom
Yredelemnul
Zin
The Shining One

Annotations:
D:4 1 runed door


Innate Abilities, Weirdness & Mutations

You are too large for most types of armour.
You have claws for hands.
Your metabolism is lightning-fast.
You like to eat raw meat.
Your natural rate of healing is unusually fast.
You are covered in fur. (AC +1)
You have very tough skin. (AC +2)


Message History

The eight-headed hydra bites you.
The eight-headed hydra bites you but does no damage.
The eight-headed hydra bites you! x2
The eight-headed hydra barely misses you. x2
The eight-headed hydra closely misses you.
The eight-headed hydra bites you but does no damage.
Throwing (i - inventory):
l - 6 javelins (quivered)
Press: ? - help, Shift-Dir - straight line, f/p - eight-headed hydra
Aim: an eight-headed hydra (lightly wounded)
You throw a javelin.
The javelin hits the eight-headed hydra but does no damage.
The eight-headed hydra is lightly wounded.
The eight-headed hydra bites you! The eight-headed hydra bites you.
The eight-headed hydra bites you but does no damage. x3
The eight-headed hydra barely misses you.
The eight-headed hydra bites you! The eight-headed hydra bites you.
You feel yourself speed up. The eight-headed hydra bites you!
* * * LOW HITPOINT WARNING * * *
The eight-headed hydra bites you!
You die...

###.....≈≈.≈≈ .#
......≈≈...≈ .###
##........≈≈ .#.###
#......≈≈≈≈≈ ..#.##
##....Y.Y≈≈≈≈
#...P###.D...<.Y..≈≈
#.....(........5≈≈≈≈
#..D####......≈≈≈≈≈
#.@P# ###.....≈.≈≈
#..## ##..≈....≈
#..# #P.≈≈..≈≈ #P.#
##.≈≈≈≈.≈ ##.#
##.≈≈≈≈. #..###
#..<.# ##...P#
#...###


You could see an eight-headed hydra.

Vanquished Creatures
  A black mamba (Lair:1)
  A komodo dragon (Lair:2)
  A polar bear (Lair:2)
  Prince Ribbit (D:6)
  A hippogriff (Lair:1)
  2 porcupines
  3 sky beasts
  An ice beast (D:6)
  A phantom (D:4)
  5 ogres
  A black bear (D:6)
  An orc warrior (D:6)
  2 centaurs
  2 big kobolds (D:4)
  Blork the orc (D:4)
  5 bullfrogs
  A water moccasin skeleton (D:6)
  A scorpion (D:6)
  3 wights (D:6)
  2 crimson imps
  A bullfrog zombie (D:5)
  5 hounds
  A centaur skeleton (D:6)
  A jelly (D:5)
  6 orc priests
  2 orc wizards
  Natasha (thrice) (D:3)
  Terence (D:3)
  2 worker ants
  Robin (D:4)
  A worker ant zombie (D:8)
  5 adders
  An ooze (D:3)
  2 adder skeletons
  4 worms
  3 dart slugs
  A leopard gecko (D:4)
  20 orcs
  2 ball pythons
  4 giant cockroaches
  9 goblins
  16 hobgoblins
  12 jackals
  14 kobolds
  3 quokkas
  4 bats
  4 frilled lizards
  2 leopard gecko skeletons
  2 leopard gecko zombies
  7 rats
175 creatures vanquished.

Notes
Turn   | Place    | Note
-------+----------+-------------------------------------------
     0 | D:1      | esteth the Troll Monk began the quest for the Orb.
     0 | D:1      | Reached XP level 1. HP: 22/22 MP: 0/0
   185 | D:1      | Reached XP level 2. HP: 29/29 MP: 1/1
   466 | D:1      | Reached skill level 4 in Unarmed Combat
   890 | D:2      | Reached XP level 3. HP: 26/36 MP: 2/2
  1391 | D:3      | Reached skill level 5 in Unarmed Combat
  1391 | D:3      | Reached XP level 4. HP: 42/44 MP: 3/3
  1411 | D:3      | Noticed Natasha
  1416 | D:3      | Killed Natasha
  1488 | D:3      | Noticed Natasha
  1496 | D:3      | Killed Natasha
  1496 | D:3      | Reached XP level 5. HP: 46/50 MP: 4/4
  1499 | D:3      | Reached skill level 6 in Unarmed Combat
  1581 | D:3      | Noticed Terence
  1589 | D:3      | Killed Terence
  1689 | D:3      | Noticed Natasha
  1700 | D:3      | Killed Natasha
  1958 | D:4      | Noticed an ogre
  1974 | D:4      | Killed an ogre
  1974 | D:4      | Reached skill level 7 in Unarmed Combat
  1974 | D:4      | Reached XP level 6. HP: 37/59 MP: 5/5
  2014 | D:4      | Found a basalt altar of Yredelemnul.
  2021 | D:4      | Noticed Blork the orc
  2026 | D:4      | Killed Blork the orc
  2168 | D:4      | Found a staircase to the Ecumenical Temple.
  2201 | Temple   | Entered the Ecumenical Temple
  2383 | D:5      | Entered Level 5 of the Dungeon
  2407 | D:4      | Reached skill level 8 in Unarmed Combat
  2425 | D:4      | Reached XP level 7. HP: 60/66 MP: 6/6
  2611 | D:4      | Noticed Robin
  2647 | D:4      | Killed Robin
  3050 | D:4      | Found a runed door.
  3301 | D:4      | Reached skill level 9 in Unarmed Combat
  3706 | D:5      | Reached XP level 8. HP: 74/74 MP: 7/7
  3926 | D:6      | Reached skill level 10 in Unarmed Combat
  3945 | D:6      | Noticed Prince Ribbit
  4141 | D:6      | Reached skill level 11 in Unarmed Combat
  4312 | D:6      | Found a white marble altar of Elyvilon.
  4514 | D:6      | Killed Prince Ribbit
  4514 | D:6      | Reached skill level 12 in Unarmed Combat
  4514 | D:6      | Reached XP level 9. HP: 30/80 MP: 8/8
  4824 | D:6      | Found an iron altar of Okawaru.
  5657 | D:8      | Reached skill level 13 in Unarmed Combat
  5660 | D:8      | Found a staircase to the Lair.
  5737 | Lair:1   | Entered Level 1 of the Lair of Beasts
  5922 | Lair:2   | Noticed a black mamba
  5922 | Lair:2   | Noticed a komodo dragon
  5933 | Lair:1   | Killed a black mamba
  6039 | Lair:2   | Killed a komodo dragon
  6141 | Lair:2   | Reached XP level 10. HP: 86/92 MP: 9/9
  6157 | Lair:3   | Noticed an eight-headed hydra
  6227 | Lair:3   | Slain by an eight-headed hydra

Skill      XL: |  1  2  3  4  5  6  7  8  9 |
---------------+----------------------------+-----
Unarmed Combat | 4 5 7 8 9 12 13 | 13.0
Fighting       | 4 |  4.5
Throwing       | 4 |  4.1
Dodging        | |  2.4
Stealth        | |  1.0

Action                   |  1- 3 |  4- 6 |  7- 9 | 10-12 || total
-------------------------+-------+-------+-------+-------++-------
Melee: Unarmed           |    96 |    95 |   286 |    11 ||   488
       Punch             |     2 |     2 |    14 |       ||    18
Throw: Javelin           |       |       |       |     3 ||     3
  Use: Scroll            |     1 |     2 |    16 |       ||    19
       Potion            |       |       |     2 |     1 ||     3
 Stab: Sleeping          |     3 |     3 |     3 |       ||     9
       Distracted        |       |       |     1 |       ||     1
  Eat: Chunk             |    18 |     9 |    32 |     3 ||    62
Armor: Robe              |    27 |    26 |    82 |     8 ||   143
Dodge: Dodged            |    34 |    30 |   124 |    11 ||   199
